 Dungeon Crawl Stone Soup version 0.21-a0-578-gc6e9d75 (webtiles) character file.

3 tidbits the Scratcher (level 1, 0/9 HPs)
             Began as a Felid Transmuter on Dec 18, 2017.
             Killed from afar by a dart slug (2 damage)
             ... with a slug dart
             ... on level 3 of the Dungeon.
             The game lasted 00:00:47 (82 turns).

tidbits the Scratcher (Felid Transmuter)              Turns: 82, Time: 00:00:48

Health: 0/9        AC:  1    Str:  6    XL:     1   Next: 41%
Magic:  3/4        EV: 18    Int: 14    God:
Gold:   3          SH:  0    Dex: 16    Spells: 3/4 levels left
                                        Lives:  0   Deaths: 0

rFire    . . .     SeeInvis +     - Unarmed
rCold    . . .     Gourm    .   (shield unavailable)
rNeg     . . .     Faith    .   (armour unavailable)
rPois    .         Spirit   .   (helmet unavailable)
rElec    .         Reflect  .   (cloak unavailable)
rCorr    .         Harm     .   (gloves unavailable)
MR       .....                  (boots unavailable)
Stlth    ++........             (no amulet)
HPRegen  0.03/turn              (no ring)
MPRegen  0.09/turn              (no ring)

@: appendage, quick
A: very small, no armour, no weapons or thrown items, stealth, claws 1, fangs 3,
horns 2, see invisible, carnivore, speed 1, shaggy fur 1, slow metabolism 1,
sharp paws
a: End Transformation


You were on level 3 of the Dungeon.
You were not hungry.
You had grown temporary horns.
You visited 1 branch of the dungeon, and saw 3 of its levels.

You collected 3 gold pieces.

Inventory:

Missiles
 a - 12 arrows
Scrolls
 d - a scroll of identify {unknown}
Books
 b - a book of Changes

   Spells                             Type                      Level
   a - Beastly Appendage              Transmutation                1
   b - Sticks to Snakes               Transmutation                2
   c - Spider Form                    Transmutation/Poison         3
   d - Ice Form                       Ice/Transmutation            4
   e - Blade Hands                    Transmutation                5
Comestibles
 c - a ration


   Skills:
 + Level 1.1 Fighting
 + Level 2.8 Dodging
 + Level 3.0 Unarmed Combat
 + Level 2.0 Spellcasting
 + Level 2.2 Transmutations


You had 3 spell levels left.
You knew the following spells:

 Your Spells              Type           Power        Failure   Level  Hunger
e - Beastly Appendage     Tmut           #.....       10%         1    ##.....


Dungeon Overview and Level Annotations

Branches:
Dungeon (3/15)

Altars:


Innate Abilities, Weirdness & Mutations

You cannot wear armour.
You are incapable of wielding weapons or throwing items.
Your paws allow you to move quietly. (Stealth)
You have sharp claws.
You have razor-sharp teeth.
You have supernaturally acute eyesight. (SInv)
You are carnivorous and can eat meat at any time.
You cover ground quickly.
You are covered in fur. (AC +1)
You have a slow metabolism.
Your sharp claws are effective at attacking unaware monsters.
You have a pair of horns on your head.


Message History

Welcome, tidbits the Felid Transmuter.
Will you prevail where others failed? Will you find the Orb of Zot?
Press ? for a list of commands and other information.
Found a spear.
Found a staircase leading out of the dungeon.
You open the door.
A giant cockroach comes into view.
Found 27 sling bullets.
Found an escape hatch in the floor.
Casting: Beastly Appendage
Confirm with . or Enter, or press ? or * to list all spells.
You grow a pair of large bovine horns.
There is an open door here.
You scratch the giant cockroach.
The giant cockroach is almost dead.
The giant cockroach bites you.
You scratch the giant cockroach but do no damage.
You headbutt the giant cockroach.
You kill the giant cockroach!
Found a robe.
Your transformation is almost over.
There is an escape hatch in the floor here.
You slide downwards.
The hatch slams shut behind you.
Found a scroll labeled KUIFON IL YHAT.
Found a stone staircase leading down.
Found 3 gold pieces.
d - a scroll labeled KUIFON IL YHAT A rat comes into view.
You see here 3 gold pieces.
You claw the rat!
You kill the rat!
Your horns disappear.
You now have 3 gold pieces.
There is a stone staircase leading down here.
You climb downwards.
There is a stone staircase leading up here.
A bat comes into view.
The bat barely misses you.
Casting: Beastly Appendage
Confirm with . or Enter, or press ? or * to list all spells.
You grow a pair of large bovine horns.
The bat completely misses you.
You scratch the bat.
You kill the bat!
Your transformation is almost over.
A gnoll comes into view. It is wielding a club.
Found a stone staircase leading down.
You open the door.
A gnoll comes into view. It is wielding a whip.
The gnoll shouts!
You hear a shout!
You hear a bark!
Found a scroll labeled ZALEAX AVOB.
As you open the door, it creaks loudly!
You hear a shout! x2
You hear an angry hiss.
You hear a bark!
A gnoll comes into view. It is wielding a flail.
Your horns disappear.
A quokka comes into view.
There is an open door here.
Found a scroll labeled WIGELO MAWUED.
A frilled lizard, a bat and a jackal come into view.
A giant cockroach comes into view.
The bat misses you.
A jackal and a hobgoblin come into view.
The hobgoblin shouts!
You barely miss the bat. You bite the bat.
You kill the bat!
The quokka closely misses you. The quokka misses you.
A jackal comes into view.
The quokka barely misses you. The quokka bites you.
Ouch! That really hurt!
* * * LOW HITPOINT WARNING * * *
The giant cockroach misses you. The jackal bites you.
* * * LOW HITPOINT WARNING * * *
The jackal barks!
A dart slug comes into view.
Casting: Beastly Appendage
Confirm with . or Enter, or press ? or * to list all spells.
You don't know that spell.
Casting: Beastly Appendage
Confirm with . or Enter, or press ? or * to list all spells.
You grow a pair of large bovine horns.
The jackal bites you.
* * * LOW HITPOINT WARNING * * *
The jackal misses you. The dart slug launches a dart at you.
The slug dart hits you!
You die...

.......++.................
.......##.................
..............h........#
..............g.g......#
............gl?g.s.h...#
######'#.#'#.######.s..#..
.......#...........r.......
.......#...#+##..hh........
.........>.w....@..........
#....#...............####..
.....'...............# .
.....##......##......#
.............?.........
...........g............
........................
........................
..........


You could see a dart slug, a quokka, 3 jackals and a giant cockroach.

Vanquished Creatures
  A giant cockroach (D:1)
  2 bats (D:3)
  A rat (D:2)
4 creatures vanquished.

Notes
Turn   | Place    | Note
-------+----------+-------------------------------------------
     0 | D:1      | tidbits the Felid Transmuter began the quest for the Orb.
     0 | D:1      | Reached XP level 1. HP: 9/9 MP: 4/4
    82 | D:3      | Killed from afar by a dart slug

Vault maps used:
D:1:      minmay_arrival_split_and_join
D:2:      makhleb_blood_cavern_becter, uniq_crazy_yiuf_cottage, uniq_jessica
D:3:      first_ration, uniq_terence, uniq_robin

Action                   || total
-------------------------++-------
Melee: Unarmed           ||     5
       Headbutt          ||     1
       Bite              ||     1
 Cast: Beastly Appendage ||     3
Dodge: Dodged            ||     8

Table legend:
 A = Spawn XP
 B = Non-spawn XP
 C = Spawn XP percentage of total XP
 D = Spawn monster count
 E = Non-spawn monster count
 F = Spawn count percentage of total count
 G = Total turns spent on level
                    A         B        C        D         E        F      G
               +---------+---------+-------+---------+---------+-------+---------
         Total |       0 |       5 |   0.0 |       0 |       4 |   0.0 |    82
               +---------+---------+-------+---------+---------+-------+---------
           D:1 |       0 |       2 |   0.0 |       0 |       1 |   0.0 |    13
           D:2 |       0 |       1 |   0.0 |       0 |       1 |   0.0 |    13
           D:3 |       0 |       2 |   0.0 |       0 |       2 |   0.0 |    56
               +---------+---------+-------+---------+---------+-------+---------

Table legend:
 A = Turns spent in this place as a percentage of turns spent in the entire game.
 B = Non-inter-level travel turns spent in this place as a percentage of non-inter-level travel turns spent in the entire game.
 C = Inter-level travel turns spent in this place as a percentage of turns spent in this place.
 D = Turns resting spent in this place as a percentage of non-inter-level travel turns spent in this place.
 E = Turns spent auto-exploring this place as a percentage of non-inter-level travel turns spent in this place.
 F = Non-inter-level travel turns spent in this place divided by the number of levels of this place that you've seen.
                   A       B       C       D       E      F
               +-------+-------+-------+-------+-------+----------------------
         Total | 100.0 | 100.0 |   0.0 |   0.0 |   0.0 |  27.3
       Dungeon | 100.0 | 100.0 |   0.0 |   0.0 |   0.0 |  27.3
               +-------+-------+-------+-------+-------+----------------------

Table legend:
 A = Kills in this place as a percentage of kills in entire the game.
 B = Kills by you in this place as a percentage of kills by you in the entire game.
 C = Kills by friends in this place as a percentage of kills by friends in the entire game.
 D = Other kills in this place as a percentage of other kills in the entire game.
 E = Experience gained in this place as a percentage of experience gained in the entire game.
 F = Experience gained in this place divided by the number of levels of this place that you have seen.
                   A       B       C       D       E      F
               +-------+-------+-------+-------+-------+----------------------
         Total | 100.0 | 100.0 |   N/A |   N/A | 100.0 |   1.7
       Dungeon | 100.0 | 100.0 |   N/A |   N/A | 100.0 |   1.7
               +-------+-------+-------+-------+-------+----------------------

Vault maps used:
D:1:      minmay_arrival_split_and_join
D:2:      makhleb_blood_cavern_becter, uniq_crazy_yiuf_cottage, uniq_jessica
D:3:      first_ration, uniq_terence, uniq_robin
